 Dungeon Crawl Stone Soup version 0.21.1-1-g345015fe64 (webtiles) character file.

158 NullDivider the Charlatan (level 5, -6/26 HPs)
             Began as a Spriggan Artificer on June 1, 2018.
             Killed by divine providence
             ... invoked by an orc priest
              (15 damage)
             ... on level 4 of the Dungeon.
             The game lasted 00:07:30 (3810 turns).

NullDivider the Charlatan (Spriggan Artificer)      Turns: 3810, Time: 00:07:31

Health: -6/26      AC:  2    Str: 12    XL:     5   Next: 16%
Magic:  9/9        EV: 19    Int: 13    God:
Gold:   110        SH:  0    Dex: 17    Spells: 4/4 levels left

rFire    . . .     SeeInvis +   a - +0 short sword
rCold    . . .     Gourm    .   (shield restricted)
rNeg     . . .     Faith    .   b - +0 robe
rPois    .         Spirit   .   (helmet restricted)
rElec    .         Reflect  .   (no cloak)
rCorr    .         Harm     .   (gloves unavailable)
MR       .....                  (boots unavailable)
Stlth    ++........             (no amulet)
HPRegen  0.08/turn              t - +4 ring of strength
MPRegen  0.11/turn              (no ring)

@: very quick
A: very small, unfitting armour, see invisible, herbivore, speed 3, slow
metabolism 2
a: no special abilities


You were on level 4 of the Dungeon.
You were hungry.

You visited 1 branch of the dungeon, and saw 4 of its levels.

You collected 110 gold pieces.

Inventory:

Hand Weapons
 a - a +0 short sword (weapon)
 q - a +0 hunting sling
Missiles
 g - 80 stones (quivered)
 w - 42 arrows
Armour
 b - a +0 robe (worn)
Jewellery
 t - a +4 ring of strength (left hand)
Wands
 c - a wand of flame (15)
 d - a wand of enslavement (15)
 e - a wand of random effects (9)
Scrolls
 j - 3 scrolls of fog
 m - a scroll of teleportation {unknown}
 n - 2 scrolls of immolation
 o - 4 scrolls of identify
 p - 2 scrolls of remove curse
 r - a scroll of enchant armour {unknown}
 u - a scroll of noise {unknown}
Potions
 h - a potion of brilliance {unknown}
 i - 2 potions of degeneration {unknown}
 k - a potion of resistance {unknown}
 l - a potion of magic {unknown}
 s - 3 potions of curing {unknown}
 v - a potion of lignification {unknown}
 x - a potion of ambrosia {unknown}
Comestibles
 f - 8 rations


   Skills:
 * Level 2.2 Fighting
 * Level 3.1 Short Blades
 + Level 4.0 Dodging
 + Level 3.1 Stealth
 + Level 4.6 Evocations


You had 4 spell levels left.
You didn't know any spells.

Dungeon Overview and Level Annotations

Branches:
Dungeon (4/15)
 Temple: D:4-7

Altars:
Trog


Innate Abilities, Weirdness & Mutations

You are very small and have problems with some larger weapons.
You are too small for most types of armour.
You have supernaturally acute eyesight. (SInv)
You are a herbivore.
You cover ground extremely quickly.
You need consume almost no food.


Message History

The leopard gecko bites you.
You hit the leopard gecko.
You kill the leopard gecko!
The orc throws a tomahawk.
The tomahawk misses you.
You see here a leopard gecko corpse.
You barely miss the orc. The orc misses you.
The orc priest calls down the wrath of Beogh upon you.
Beogh smites you!
Ouch! That really hurt!
You are too injured to fight recklessly!
You are too injured to fight recklessly!
You are too injured to fight recklessly!
You are too injured to fight recklessly!
You are too injured to fight recklessly!
You are too injured to fight recklessly!
You are too injured to fight recklessly!
The orc priest calls down the wrath of Beogh upon you.
Beogh smites you!
Ouch! That really hurt!
You die... ..# .. #.# ##.a### .o.ow

#oo# #o# #.##
#(@# ##.# #.##
#..# ##.## #..#
##.# #
########.###..#
#.>.†.........#


You could see a worker ant, 2 orc priests, an orc wizard and 2 orcs.

Vanquished Creatures
  A hound (D:2)
  Terence (D:1)
  4 adders
  3 oozes
  2 leopard geckos
  6 orcs
  2 giant cockroaches
  6 goblins
  4 hobgoblins
  3 kobolds
  2 quokkas
  2 ball pythons
  6 bats
  3 frilled lizards
  7 rats
52 creatures vanquished.

Notes
Turn   | Place    | Note
-------+----------+-------------------------------------------
     0 | D:1      | NullDivider the Spriggan Artificer began the quest for the Orb.
     0 | D:1      | Reached XP level 1. HP: 9/9 MP: 4/4
     2 | D:1      | Noticed a felid
     2 | D:1      | Noticed a troll
     4 | D:1      | Noticed a tengu
     4 | D:1      | Noticed a formicid
     6 | D:1      | Noticed a minotaur
     6 | D:1      | Noticed a demigod
     8 | D:1      | Noticed an octopode
     8 | D:1      | Noticed a vampire
    10 | D:1      | Noticed a ghoul
    10 | D:1      | Noticed a merfolk
    12 | D:1      | Noticed an elf
    12 | D:1      | Noticed a naga
    16 | D:1      | Noticed a draconian
    16 | D:1      | Noticed an ogre
    18 | D:1      | Noticed a human
    18 | D:1      | Noticed a spriggan
    20 | D:1      | Noticed a vine stalker
    22 | D:1      | Noticed a halfling
    24 | D:1      | Noticed a demonspawn
    24 | D:1      | Noticed a dwarf
    26 | D:1      | Noticed a gargoyle
    26 | D:1      | Noticed a centaur
   111 | D:1      | Reached skill level 1 in Fighting
   260 | D:1      | Reached XP level 2. HP: 4/14 MP: 6/6
  1057 | D:2      | Noticed Terence
  1073 | D:1      | Killed Terence
  1073 | D:1      | Reached XP level 3. HP: 16/18 MP: 7/7
  1182 | D:2      | Reached XP level 4. HP: 18/23 MP: 8/8
  2062 | D:2      | Found a bloodstained altar of Trog.
  2268 | D:2      | HP: 1/23 [orc/tomahawk (2)]
  3167 | D:3      | Reached XP level 5. HP: 15/26 MP: 9/9
  3810 | D:4      | Killed from afar by an orc priest

Skill      XL: |  1  2  3  4 |
---------------+-------------+-----
Fighting       | 1 2 |  2.2
Stealth        | 2 3 |  3.1
Short Blades   | 2 3 |  3.1
Dodging        | 4 |  4.0
Evocations     | |  4.6

Action                   |  1- 3 |  4- 6 || total
-------------------------+-------+-------++-------
Melee: Short sword       |    69 |   156 ||   225
 Fire: Hunting sling     |       |     5 ||     5
Evoke: Wand              |     6 |       ||     6
  Use: Scroll            |       |     3 ||     3
 Stab: Sleeping          |     5 |     3 ||     8
       Paralysed         |     1 |       ||     1
       Distracted        |       |     2 ||     2
Armor: Robe              |     2 |    13 ||    15
Dodge: Dodged            |    71 |   152 ||   223
